[Event "EWIRCC 2019"]
[Site "Monte-Carlo"]
[Date "2019.11.30"]
[Round "5.6"]
[White "Osmak, Iulija"]
[Black "Kosteniuk, Alexandra"]
[Result "1/2-1/2"]
[ECO "D00"]
[WhiteElo "2401"]
[BlackElo "2483"]
[Annotator "ChessBase"]
[PlyCount "83"]
[EventDate "2019.11.28"]
[EventType "swiss"]
[EventCountry "MNC"]
[SourceTitle "playchess.com"]
[Source "ChessBase"]
[SourceQuality "1"]
[TimeControl "5400+30"]

1. d4 Nf6 2. Bf4 d5 3. e3 c5 4. c3 Nc6 5. Nd2 Bf5 6. Ngf3 e6 7. Nh4 Bg4 8. Qb3 Qd7 9. h3 Bh5 10. g4 Bg6 11. Nxg6 hxg6 12. Be2 Be7 13. h4 c4 14. Qc2 e5 15. dxe5 Nxg4 16. Nf3 O-O-O 17. Bf1 f5 18. exf6 gxf6 19. O-O-O g5 20. Bg3 Nge5 21. Nxe5 fxe5 22. Bxc4 gxh4 23. Rxd5 Qg4 24. Be2 Qe6 25. Rxd8+ Bxd8 26. Qe4 Qf6 27. Bh2 Bc7 28. Bg4+ Kb8 29. f3 Rd8 30. Rd1 Rxd1+ 31. Kxd1 Qd6+ 32. Kc2 Qc5 33. Bd7 Qb5 34. Bxc6 Qe2+ 35. Kb3 bxc6 36. Qxh4 Qd1+ 37. Ka3 Bd6+ 38. b4 Qc1+ 39. Kb3 Qd1+ 40. Ka3 Qc1+ 41. Kb3 Qd1+ 42. Ka3 1/2-1/2

[Event "EWIRCC 2019"]
[Site "Monte-Carlo"]
[Date "2019.11.30"]
[Round "5.7"]
[White "Stefanova, Antoaneta"]
[Black "Kashlinskaya, Alina"]
[Result "1-0"]
[ECO "A07"]
[WhiteElo "2481"]
[BlackElo "2486"]
[Annotator "ChessBase"]
[PlyCount "53"]
[EventDate "2019.11.28"]
[EventType "swiss"]
[EventCountry "MNC"]
[SourceTitle "playchess.com"]
[Source "ChessBase"]
[SourceQuality "1"]
[TimeControl "5400+30"]

1. Nf3 d5 2. g3 c6 3. Bg2 Bg4 4. O-O Nd7 5. d3 Ngf6 6. h3 Bh5 7. Qe1 e5 8. e4 dxe4 9. dxe4 Bc5 10. Nbd2 O-O 11. a4 Re8 12. Nc4 Bf8 13. b4 b5 14. Na5 Qc7 15. c4 c5 16. cxb5 cxb4 17. Nc6 Nc5 18. Nxb4 Nb3 19. Rb1 Qc4 20. Nc6 Qxa4 21. Nfxe5 Bd6 22. f4 Nxc1 23. Rxc1 Bg6 24. Nxg6 hxg6 25. e5 Nh5 26. Qd1 Ba3 27. Qxa4 1-0

[Event "EWIRCC 2019"]
[Site "Monte-Carlo"]
[Date "2019.11.30"]
[Round "5.8"]
[White "Ovod, Evgenija"]
[Black "Sebag, Marie"]
[Result "0-1"]
[ECO "B22"]
[WhiteElo "2347"]
[BlackElo "2443"]
[Annotator "NA RC"]
[PlyCount "146"]
[EventDate "2019.11.28"]
[EventType "swiss"]
[EventCountry "MNC"]
[SourceTitle "playchess.com"]
[Source "ChessBase"]
[SourceQuality "1"]
[TimeControl "5400+30"]

1. e4 c5 2. c3 Nf6 3. e5 Nd5 4. d4 cxd4 5. Qxd4 e6 6. Nf3 Nc6 7. Qe4 d6 8. Nbd2 a6 9. Nc4 dxe5 10. Ncxe5 Nxe5 11. Nxe5 Bd6 12. Nc4 Be7 13. Bd3 Qc7 14. O-O b5 15. Ne3 Bb7 16. Nxd5 Bxd5 17. Qg4 O-O 18. Bf4 Qb7 19. Be5 f6 20. Qh3 g6 21. Bf4 e5 22. Bh6 Rfd8 23. Qg3 Be4 24. Bxe4 Qxe4 25. Rae1 Qf5 26. Be3 Rd3 27. f4 Bc5 28. fxe5 Rxe3 29. Rxe3 Qxe5 30. Qxe5 fxe5 31. Rfe1 Kf7 32. Kf2 Ke6 33. Rd1 Rf8+ 34. Ke2 Bxe3 35. Kxe3 h5 36. h4 Rc8 37. g3 a5 38. Rf1 b4 39. cxb4 axb4 40. Rf2 Ra8 41. b3 Rc8 42. Ke4 Rc3 43. Rg2 Rc1 44. g4 Rh1 45. gxh5 Rxh4+ 46. Ke3 gxh5 47. Rg6+ Kd5 48. Rg8 Rh3+ 49. Ke2 Ke4 50. Rb8 Rh2+ 51. Kf1 Kf3 52. Rf8+ Ke3 53. Rb8 e4 54. Rxb4 Kf3 55. Kg1 Rxa2 56. Rb8 Ra1+ 57. Kh2 e3 58. Rf8+ Ke2 59. Rh8 Ra5 60. b4 Re5 61. Rd8 Rg5 62. Re8 Kf2 63. Rf8+ Ke1 64. Re8 e2 65. Rd8 Kf2 66. Rf8+ Ke3 67. Re8+ Kf3 68. Kh3 Rg1 69. Rf8+ Ke3 70. Re8+ Kd3 71. b5 e1=Q 72. Rxe1 Rxe1 73. b6 Rb1 0-1

[Event "EWIRCC 2019"]
[Site "Monte-Carlo"]
[Date "2019.11.30"]
[Round "5.9"]
[White "Gunina, Valentina"]
[Black "Berend, Elvira"]
[Result "0-1"]
[ECO "E11"]
[WhiteElo "2509"]
[BlackElo "2349"]
[Annotator "ChessBase"]
[PlyCount "104"]
[EventDate "2019.11.28"]
[EventType "swiss"]
[EventCountry "MNC"]
[SourceTitle "playchess.com"]
[Source "ChessBase"]
[SourceQuality "1"]
[TimeControl "5400+30"]

1. d4 Nf6 2. c4 e6 3. Nf3 Bb4+ 4. Bd2 c5 5. Bxb4 cxb4 6. g3 O-O 7. Bg2 d6 8. O-O Nc6 9. e3 e5 10. d5 Ne7 11. Qa4 a5 12. a3 Bd7 13. Qb3 Qb6 14. Ne1 Bf5 15. Nd2 Nd7 16. e4 Bg4 17. Nc2 Nc5 18. Qe3 f5 19. axb4 axb4 20. Rxa8 Rxa8 21. h3 f4 22. gxf4 exf4 23. Qxf4 Be2 24. Ra1 Rxa1+ 25. Nxa1 Nd3 26. Qg3 Ng6 27. Nab3 Nge5 28. Bf1 Bxf1 29. Nxf1 Qc7 30. Ne3 Nxc4 31. Nf5 Nde5 32. Nbd4 Nd2 33. Kg2 Nxe4 34. Qh4 Nf6 35. Qg5 Ng6 36. Ne6 Qc4 37. Nh6+ gxh6 38. Qxf6 Qxd5+ 39. Kg1 Qe5 40. Qd8+ Kf7 41. Qd7+ Kf6 42. Ng7 Qe1+ 43. Kh2 Qxf2+ 44. Kh1 Qf1+ 45. Kh2 Qf2+ 46. Kh1 Qe1+ 47. Kh2 Qd2+ 48. Kh1 Qc1+ 49. Kh2 Qxb2+ 50. Kh1 Qc1+ 51. Kh2 Qc2+ 52. Kh1 Qc6+ 0-1

[Event "EWIRCC 2019"]
[Site "Monte-Carlo"]
[Date "2019.11.30"]
[Round "5.10"]
[White "Savina, Anastasia"]
[Black "Cramling, Pia"]
[Result "0-1"]
[ECO "E49"]
[WhiteElo "2354"]
[BlackElo "2443"]
[Annotator "NA"]
[PlyCount "49"]
[EventDate "2019.11.28"]
[EventType "swiss"]
[EventCountry "MNC"]
[SourceTitle "playchess.com"]
[Source "ChessBase"]
[SourceQuality "1"]
[TimeControl "5400+30"]

1. d4 Nf6 2. c4 e6 3. Nc3 Bb4 4. e3 O-O 5. Bd3 d5 6. Nge2 dxc4 7. Bxc4 c5 8. a3 Bxc3+ 9. bxc3 Nc6 10. a4 Na5 11. Ba2 b6 12. Ba3 Qc7 13. Qd3 Bb7 14. O-O Rfd8 15. Ng3 e5 16. Rac1 Qc6 17. f3 Qxa4 18. c4 exd4 19. Nf5 Nc6 20. f4 Nb4 21. Bxb4 Be4 22. Ne7+ Kf8 23. Qe2 d3 24. Qb2 Qxb4 25. Qe5 0-1

[Event "EWIRCC 2019"]
[Site "Monte-Carlo"]
[Date "2019.11.30"]
[Round "5.11"]
[White "Bodnaruk, Anastasia"]
[Black "Solozhenkina, Elizaveta"]
[Result "1/2-1/2"]
[ECO "C18"]
[WhiteElo "2412"]
[BlackElo "2314"]
[Annotator "NA"]
[PlyCount "63"]
[EventDate "2019.11.28"]
[EventType "swiss"]
[EventCountry "MNC"]
[SourceTitle "playchess.com"]
[Source "ChessBase"]
[SourceQuality "1"]
[TimeControl "5400+30"]

1. e4 e6 2. d4 d5 3. Nc3 Bb4 4. e5 c5 5. a3 Ba5 6. b4 cxd4 7. Nb5 Bc7 8. f4 Bd7 9. Nxc7+ Qxc7 10. Bd3 Ba4 11. Bb2 Nc6 12. Nf3 Rc8 13. O-O Nge7 14. g4 Qb6 15. Rb1 Bb5 16. Kg2 h5 17. h3 Bxd3 18. Qxd3 Ng6 19. Qd2 Qc7 20. Rbc1 a6 21. Nxd4 Qe7 22. Rh1 Nxd4 23. Bxd4 Rc4 24. c3 Qh4 25. Bf2 Qe7 26. Bd4 Qh4 27. Bf2 Qe7 28. Bd4 Qh4 29. Bf2 Qe7 30. Bd4 Qh4 31. Bf2 Qe7 32. Bd4 1/2-1/2

[Event "EWIRCC 2019"]
[Site "Monte-Carlo"]
[Date "2019.11.30"]
[Round "5.13"]
[White "Socko, Monika"]
[Black "Gaponenko, Inna"]
[Result "0-1"]
[ECO "D20"]
[WhiteElo "2417"]
[BlackElo "2427"]
[Annotator "NA"]
[PlyCount "106"]
[EventDate "2019.11.28"]
[EventType "swiss"]
[EventCountry "MNC"]
[SourceTitle "playchess.com"]
[Source "ChessBase"]
[SourceQuality "1"]
[TimeControl "5400+30"]

1. d4 d5 2. c4 dxc4 3. e4 e5 4. Nf3 Bb4+ 5. Bd2 Bxd2+ 6. Nbxd2 exd4 7. Bxc4 Nc6 8. O-O Qf6 9. e5 Qg6 10. Bb5 Nge7 11. Nxd4 O-O 12. Nxc6 Nxc6 13. Bxc6 Qxc6 14. Qh5 Rd8 15. Nf3 Qg6 16. Qxg6 hxg6 17. Rac1 c6 18. Rc3 Bg4 19. h3 Bxf3 20. Rxf3 Rd2 21. Rb3 b6 22. Re1 Rad8 23. e6 f6 24. Ra3 a5 25. Rc3 c5 26. Rb3 Rd1 27. Rbe3 Rxe1+ 28. Rxe1 Re8 29. f4 Kf8 30. g4 Ke7 31. f5 gxf5 32. gxf5 g6 33. Rd1 gxf5 34. Rd7+ Kxe6 35. Rb7 Kd5 36. Rxb6 Re2 37. h4 Re4 38. Rxf6 Rxh4 39. Rxf5+ Kc4 40. Rf2 Kd3 41. Kg2 Rc4 42. Kg3 a4 43. b3 axb3 44. Rf3+ Kc2 45. Rxb3 Ra4 46. Kf3 c4 47. Rb8 Rxa2 48. Ke3 c3 49. Rh8 Ra7 50. Rb8 Re7+ 51. Kd4 Kd2 52. Rh8 c2 53. Rh2+ Re2 0-1

[Event "EWIRCC 2019"]
[Site "Monte-Carlo"]
[Date "2019.11.30"]
[Round "5.14"]
[White "Belenkaya, Dina"]
[Black "Mkrtchian, Lilit"]
[Result "0-1"]
[ECO "C00"]
[WhiteElo "2302"]
[BlackElo "2402"]
[Annotator "NA"]
[PlyCount "100"]
[EventDate "2019.11.28"]
[EventType "swiss"]
[EventCountry "MNC"]
[SourceTitle "playchess.com"]
[Source "ChessBase"]
[SourceQuality "1"]
[TimeControl "5400+30"]

1. e4 e6 2. Qe2 c5 3. g3 Nc6 4. Nf3 g6 5. Bg2 Bg7 6. h4 h6 7. O-O d6 8. c3 Nge7 9. d4 cxd4 10. cxd4 Nxd4 11. Nxd4 Bxd4 12. Nc3 a6 13. Rd1 Bg7 14. Be3 O-O 15. Qd2 Kh7 16. Qxd6 Qxd6 17. Rxd6 Be5 18. Rd2 b5 19. f4 Bxc3 20. bxc3 e5 21. fxe5 Be6 22. Rd6 Rfc8 23. Bd4 Rc4 24. Bf1 Ra4 25. a3 Rc8 26. Be2 Nc6 27. Kf2 Nxd4 28. cxd4 Rc2 29. Ke1 Rc3 30. d5 Bh3 31. Kd2 Rxg3 32. Bd3 Rd4 33. Rxa6 Rgxd3+ 34. Kc2 Re3 35. Ra7 Rexe4 36. Rxf7+ Kg8 37. Rf6 Bf5 38. Rg1 Rxe5+ 39. Kc3 Rdxd5 40. h5 Kg7 41. Rb6 Re3+ 42. Kb4 Re4+ 43. Kc3 Rc5+ 44. Kb3 Be6+ 45. Kb2 Rxh5 46. Rb7+ Kf6 47. Rf1+ Rf5 48. Rc1 Rf2+ 49. Kb1 Ree2 50. Rxb5 Bf5+ 0-1

[Event "EWIRCC 2019"]
[Site "Monte-Carlo"]
[Date "2019.11.30"]
[Round "5.15"]
[White "Chiburdanidze, Maia"]
[Black "Dornbusch, Tatiana"]
[Result "1/2-1/2"]
[ECO "B10"]
[WhiteElo "2500"]
[BlackElo "2269"]
[Annotator "ChessBase"]
[PlyCount "117"]
[EventDate "2019.11.28"]
[EventType "swiss"]
[EventCountry "MNC"]
[SourceTitle "playchess.com"]
[Source "ChessBase"]
[SourceQuality "1"]
[TimeControl "5400+30"]

1. d4 Nf6 2. Nf3 c5 3. e3 g6 4. Bd3 Bg7 5. O-O O-O 6. Nbd2 cxd4 7. exd4 d5 8. Ne5 Nc6 9. Ndf3 Nb4 10. Be2 Bf5 11. Ne1 Rc8 12. c3 Nc6 13. N1d3 Nxe5 14. Nxe5 Nd7 15. Nf3 Bg4 16. h3 Bxf3 17. Bxf3 e6 18. Qb3 Qc7 19. Rd1 Nb6 20. a4 Nc4 21. Qa2 b6 22. b3 Nd6 23. Bb2 a6 24. Rac1 b5 25. Ba3 Rfd8 26. Bb4 Ra8 27. Ra1 bxa4 28. Qxa4 Nb7 29. Rac1 a5 30. Ba3 Qb6 31. Rc2 Rac8 32. Be2 h5 33. Bb2 Nd6 34. c4 dxc4 35. bxc4 Nf5 36. c5 Qb4 37. Qxb4 axb4 38. Rc4 b3 39. g4 hxg4 40. hxg4 Ne7 41. Bf3 Nc6 42. Bc3 Rd7 43. Ra1 Nxd4 44. Bxd4 Rxd4 45. Rxd4 Bxd4 46. Rb1 b2 47. c6 f5 48. gxf5 gxf5 49. Kf1 Ra8 50. Be2 Ra1 51. Bd3 Be5 52. Ke2 Kf7 53. Kd1 Ke7 54. Kc2 Kd6 55. Bc4 Ra4 56. Rd1+ Kxc6 57. Bxe6 Ra1 58. Bxf5 Rxd1 59. Kxd1 1/2-1/2

[Event "EWIRCC 2019"]
[Site "Monte-Carlo"]
[Date "2019.11.30"]
[Round "5.16"]
[White "Terbe, Julianna"]
[Black "Arakhamia-Grant, Ketevan"]
[Result "1-0"]
[ECO "A48"]
[WhiteElo "2287"]
[BlackElo "2376"]
[Annotator "NA"]
[PlyCount "95"]
[EventDate "2019.11.28"]
[EventType "swiss"]
[EventCountry "MNC"]
[SourceTitle "playchess.com"]
[Source "ChessBase"]
[SourceQuality "1"]
[TimeControl "5400+30"]

1. d4 Nf6 2. Nf3 g6 3. Bf4 Bg7 4. e3 d6 5. h3 Nbd7 6. Be2 c5 7. c3 b6 8. O-O Bb7 9. Nbd2 O-O 10. a4 a6 11. Bh2 Ne4 12. Bd3 Nxd2 13. Nxd2 e5 14. dxe5 Nxe5 15. Be2 d5 16. Nf3 Nc6 17. Qb3 Re8 18. Rfd1 Na5 19. Qc2 Qf6 20. Rab1 Rac8 21. Bg3 h6 22. Rd2 d4 23. exd4 Be4 24. Bd3 Bxf3 25. gxf3 cxd4 26. Bxa6 dxc3 27. Rd6 Qxf3 28. Bxc8 Rxc8 29. bxc3 Rxc3 30. Qd1 Qf5 31. Rc1 Rb3 32. Qg4 Qxg4 33. hxg4 Rb4 34. Rc8+ Kh7 35. Rc7 Nc4 36. Rdd7 Ne5 37. Re7 Rxg4 38. Kf1 Rg5 39. Bxe5 Bxe5 40. Rxf7+ Kg8 41. Ra7 Rf5 42. Rfd7 Rf8 43. Rab7 h5 44. Kg2 Rf4 45. Rd8+ Rf8 46. Rxf8+ Kxf8 47. Rxb6 Ke7 48. Rxg6 1-0

[Event "EWIRCC 2019"]
[Site "Monte-Carlo"]
[Date "2019.11.30"]
[Round "5.17"]
[White "Semenova, Elena"]
[Black "Michna, Marta"]
[Result "0-1"]
[ECO "C02"]
[WhiteElo "2282"]
[BlackElo "2366"]
[Annotator "NA"]
[PlyCount "112"]
[EventDate "2019.11.28"]
[EventType "swiss"]
[EventCountry "MNC"]
[SourceTitle "playchess.com"]
[Source "ChessBase"]
[SourceQuality "1"]
[TimeControl "5400+30"]

1. e4 e6 2. d4 d5 3. e5 b6 4. c3 Qd7 5. Bd3 c5 6. Nf3 Ba6 7. O-O Bxd3 8. Qxd3 Nc6 9. Nbd2 c4 10. Qe2 b5 11. b3 Rb8 12. a4 a6 13. Rd1 Nh6 14. Nf1 Nf5 15. g4 Nfe7 16. axb5 axb5 17. Ng3 g6 18. Bg5 Ng8 19. b4 Be7 20. Bf4 h6 21. Ra6 Kf8 22. Rda1 Qb7 23. Qa2 Kg7 24. Ra8 Bxb4 25. Rxb8 Qxb8 26. cxb4 Nxb4 27. Qd2 Nc6 28. Qc2 Nge7 29. Nf1 b4 30. N1d2 Qb5 31. Qa4 Qxa4 32. Rxa4 Rb8 33. Kf1 Rb5 34. Ke2 Nc8 35. Nb1 N8a7 36. h4 Rb7 37. Kd2 Nb5 38. Be3 c3+ 39. Kc1 b3 40. Ne1 c2 41. Nxc2 bxc2 42. Kxc2 Nc7 43. Nc3 Nb5 44. Ne2 Nc7 45. Nc3 Nb4+ 46. Kd2 Nc6 47. Kc2 Rb4 48. Rxb4 Nxb4+ 49. Kb3 Nd3 50. Ne2 Ne1 51. Nf4 Nf3 52. Ng2 Nb5 53. Kb4 Nbxd4 54. Kc3 Nc6 55. Kd3 Nfxe5+ 56. Ke2 Nxg4 0-1

[Event "EWIRCC 2019"]
[Site "Monte-Carlo"]
[Date "2019.11.30"]
[Round "5.18"]
[White "Johansson, Viktoria"]
[Black "Benmesbah, Natacha"]
[Result "1-0"]
[ECO "E76"]
[WhiteElo "2120"]
[BlackElo "2265"]
[Annotator "NA"]
[PlyCount "93"]
[EventDate "2019.11.28"]
[EventType "swiss"]
[EventCountry "MNC"]
[SourceTitle "playchess.com"]
[Source "ChessBase"]
[SourceQuality "1"]
[TimeControl "5400+30"]

1. d4 Nf6 2. c4 c5 3. d5 g6 4. Nc3 Bg7 5. e4 d6 6. f4 O-O 7. Nf3 e5 8. fxe5 Ng4 9. Bg5 Qb6 10. Qd2 Nxe5 11. Be2 Nbd7 12. O-O f6 13. Be3 a6 14. Kh1 Qd8 15. a3 Nxf3 16. gxf3 f5 17. Bg5 Qe8 18. exf5 Rxf5 19. Bd3 Bxc3 20. bxc3 Ne5 21. Bxf5 Bxf5 22. Rae1 Qa4 23. f4 Nf7 24. Re7 Qxc4 25. Rfe1 Kg7 26. Qe3 Qxd5+ 27. Kg1 h6 28. Bh4 b5 29. Re2 Rf8 30. Rd2 Qc6 31. c4 bxc4 32. Qc3+ Kg8 33. Bf6 d5 34. Bh8 d4 35. Rxd4 cxd4 36. Qxd4 Qb6 37. Qxb6 Kxh8 38. Qxa6 Bd3 39. Qf6+ Kg8 40. a4 Bf5 41. a5 c3 42. Qxc3 Rd8 43. a6 Rd1+ 44. Kf2 Kf8 45. Rc7 Nd6 46. Qg7+ Ke8 47. Qe7# 1-0

[Event "EWIRCC 2019"]
[Site "Monte-Carlo"]
[Date "2019.11.30"]
[Round "5.19"]
[White "Babiy, Olga"]
[Black "Unuk, Laura"]
[Result "0-1"]
[ECO "C78"]
[WhiteElo "2249"]
[BlackElo "2298"]
[Annotator "NA"]
[PlyCount "106"]
[EventDate "2019.11.28"]
[EventType "swiss"]
[EventCountry "MNC"]
[SourceTitle "playchess.com"]
[Source "ChessBase"]
[SourceQuality "1"]
[TimeControl "5400+30"]

1. e4 e5 2. Nf3 Nc6 3. Bb5 a6 4. Ba4 Nf6 5. O-O b5 6. Bb3 Bc5 7. Re1 d6 8. c3 h6 9. d4 Bb6 10. h3 O-O 11. Be3 Re8 12. dxe5 dxe5 13. Bxb6 cxb6 14. Nbd2 Na5 15. Bc2 Bb7 16. Qe2 Qc7 17. Rac1 Rad8 18. Nf1 Nh5 19. g3 Nf6 20. Nh4 Nc4 21. Bb1 Rd7 22. Nf5 Red8 23. Qf3 Qc6 24. b3 Na3 25. Red1 Kf8 26. Bd3 Nxe4 27. Qg4 g6 28. Bxe4 Qxe4 29. Qxe4 Bxe4 30. Rxd7 Rxd7 31. Nxh6 f5 32. g4 Kg7 33. g5 a5 34. h4 Bc2 35. Ne3 Bb1 36. Kf1 Rd2 37. Ke1 Rxa2 38. Rd1 Nc2+ 39. Nxc2 Bxc2 40. Rd7+ Kf8 41. h5 Ra1+ 42. Ke2 f4 43. hxg6 Bxg6 44. Rb7 a4 45. bxa4 bxa4 46. Rxb6 Bh5+ 47. Kd3 a3 48. Rf6+ Ke8 49. Kc2 Bd1+ 50. Kd2 a2 51. Re6+ Kd7 52. Ra6 Bb3 53. Ra7+ Kc6 0-1

[Event "EWIRCC 2019"]
[Site "Monte-Carlo"]
[Date "2019.12.01"]
[Round "6.3"]
[White "Zhukova, Natalia"]
[Black "Muzychuk, Mariya"]
[Result "1/2-1/2"]
[ECO "D51"]
[WhiteElo "2323"]
[BlackElo "2552"]
[Annotator "ChessBase"]
[PlyCount "86"]
[EventDate "2019.11.28"]
[EventType "swiss"]
[EventCountry "MNC"]
[SourceTitle "playchess.com"]
[Source "ChessBase"]
[SourceQuality "1"]
[TimeControl "5400+30"]

1. c4 c6 2. d4 d5 3. Nf3 Nf6 4. Nc3 e6 5. Bg5 h6 6. Bh4 Nbd7 7. e3 Qa5 8. Nd2 Bd6 9. Be2 O-O 10. O-O a6 11. c5 Bb8 12. f4 b5 13. a3 Qc7 14. b4 a5 15. Nb3 a4 16. Nd2 Nh7 17. Nf3 f5 18. Be7 Rf7 19. Bd6 Qd8 20. Ne5 Nxe5 21. dxe5 g6 22. Bf3 Bc7 23. Ne2 Qe8 24. Nd4 Bd8 25. g3 Bd7 26. Kf2 Rg7 27. h4 h5 28. Ke1 Qf7 29. Rc1 Rc8 30. Rc3 Qe8 31. Qe2 Qf7 32. Kd2 Qe8 33. Rfc1 Kh8 34. Qf1 Qf7 35. Be2 Be8 36. Ke1 Kg8 37. Kf2 Kh8 38. Kg2 Kg8 39. Kh3 Kh8 40. Kh2 Kg8 41. Kg2 Kh8 42. Kh3 Kg8 43. Bd3 Kh8 1/2-1/2

[Event "EWIRCC 2019"]
[Site "Monte-Carlo"]
[Date "2019.12.01"]
[Round "6.5"]
[White "Sebag, Marie"]
[Black "Girya, Olga"]
[Result "0-1"]
[ECO "B12"]
[WhiteElo "2443"]
[BlackElo "2476"]
[Annotator "ChessBase"]
[PlyCount "184"]
[EventDate "2019.11.28"]
[EventType "swiss"]
[EventCountry "MNC"]
[SourceTitle "playchess.com"]
[Source "ChessBase"]
[SourceQuality "1"]
[TimeControl "5400+30"]

1. e4 c6 2. d4 d5 3. e5 Bf5 4. Nf3 e6 5. Be2 Ne7 6. O-O Bg6 7. Nbd2 c5 8. c4 cxd4 9. Nxd4 Nec6 10. N2f3 dxc4 11. Bxc4 Be7 12. Be3 O-O 13. Be2 Nb4 14. Qb3 N8c6 15. Rfd1 Qb8 16. Nxc6 bxc6 17. Rac1 Nc2 18. Rd7 Qxb3 19. axb3 Nxe3 20. fxe3 Bd8 21. Rxc6 Bb6 22. Kf2 Rac8 23. Rxc8 Rxc8 24. Bc4 Kf8 25. Nd4 Rc5 26. Rb7 Be4 27. Rb8+ Ke7 28. Bb5 Rxe5 29. Nc6+ Bxc6 30. Bxc6 Bxe3+ 31. Kf3 Bb6 32. Rb7+ Kd6 33. Be8 Re3+ 34. Kf4 Rxb3 35. Rd7+ Kc5 36. Rxf7 Rxb2 37. Rxg7 h6 38. Rg6 Bd8 39. Rxh6 Rxg2 40. Rxe6 Rxh2 41. Rc6+ Kb4 42. Ra6 Bb6 43. Ra4+ Kc5 44. Re4 Kd6 45. Ba4 Rf2+ 46. Kg3 Rf5 47. Kg4 Rf2 48. Kg3 Rf8 49. Kg4 Kd5 50. Rf4 Rg8+ 51. Kf3 Rg1 52. Ke2 Bd4 53. Kd3 Rg3+ 54. Kc2 Rc3+ 55. Kb1 Ra3 56. Be8 a5 57. Rf5+ Ke4 58. Rb5 Kd3 59. Bg6+ Kd2 60. Rb2+ Bxb2 61. Kxb2 Rc3 62. Be8 Rc8 63. Ba4 Rb8+ 64. Ka3 Kc3 65. Bd7 Rb7 66. Bc6 Rb1 67. Ka2 Rb2+ 68. Ka3 Rd2 69. Bb5 Rd4 70. Be8 Rd1 71. Ka2 Kb4 72. Bf7 Kc3 73. Be8 Rf1 74. Bd7 Kb4 75. Be6 Rf2+ 76. Ka1 Ka3 77. Kb1 Rf1+ 78. Kc2 Rf6 79. Bd5 Rd6 80. Bg8 Rb6 81. Bf7 Rb2+ 82. Kc1 Rb7 83. Bg8 Ka4 84. Kc2 Rb4 85. Bf7 Kb5 86. Be8+ Kc5 87. Bf7 a4 88. Kc3 a3 89. Bb3 Rb6 90. Kc2 Kd4 91. Bg8 Rb2+ 92. Kc1 Ke5 0-1

[Event "EWIRCC 2019"]
[Site "Monte-Carlo"]
[Date "2019.12.01"]
[Round "6.7"]
[White "Berend, Elvira"]
[Black "Batsiashvili, Nino"]
[Result "0-1"]
[ECO "E18"]
[WhiteElo "2349"]
[BlackElo "2422"]
[Annotator "NA"]
[PlyCount "122"]
[EventDate "2019.11.28"]
[EventType "swiss"]
[EventCountry "MNC"]
[SourceTitle "playchess.com"]
[Source "ChessBase"]
[SourceQuality "1"]
[TimeControl "5400+30"]

1. d4 Nf6 2. c4 e6 3. Nf3 b6 4. g3 Bb7 5. Bg2 Be7 6. O-O O-O 7. Nc3 Ne4 8. Bd2 d6 9. d5 Nxd2 10. Qxd2 e5 11. e4 Nd7 12. Ne1 Bg5 13. Qe2 g6 14. Nd3 Bh6 15. b4 a5 16. a3 Ba6 17. Nb5 f5 18. exf5 gxf5 19. f4 e4 20. Nf2 Bg7 21. Rac1 axb4 22. axb4 Rf7 23. g4 fxg4 24. Nxg4 Nf6 25. Nxf6+ Qxf6 26. Bh3 Bc8 27. Bxc8 Rxc8 28. Qxe4 Re7 29. Qg2 Rce8 30. Rc2 Kh8 31. Kh1 Qf5 32. Rd2 Rg8 33. Qf3 Bf6 34. Rg2 Rxg2 35. Qxg2 Qd3 36. Na7 Qxc4 37. Nc6 Re2 38. Qf3 Qc2 39. Qh3 Qe4+ 40. Qf3 Qxf3+ 41. Rxf3 Rd2 42. Ra3 Rxd5 43. Ra7 Rf5 44. Rxc7 Rxf4 45. Rb7 d5 46. Rxb6 d4 47. Rb7 d3 48. Rd7 Rc4 49. b5 Rc3 50. Kg2 Rb3 51. Kf3 d2+ 52. Ke2 Bg5 53. h4 Bf4 54. Nd4 Re3+ 55. Kxd2 Re7+ 56. Kd3 Rxd7 57. Ke4 Bc7 58. Ne6 Bb6 59. Ke5 Kg8 60. h5 Rd1 61. Kf6 Rd5 0-1

[Event "EWIRCC 2019"]
[Site "Monte-Carlo"]
[Date "2019.12.01"]
[Round "6.10"]
[White "Solozhenkina, Elizaveta"]
[Black "Mkrtchian, Lilit"]
[Result "0-1"]
[ECO "C03"]
[WhiteElo "2314"]
[BlackElo "2402"]
[Annotator "NA RC"]
[PlyCount "56"]
[EventDate "2019.11.28"]
[EventType "swiss"]
[EventCountry "MNC"]
[SourceTitle "playchess.com"]
[Source "ChessBase"]
[SourceQuality "1"]
[TimeControl "5400+30"]

1. e4 e6 2. d4 d5 3. Nd2 Be7 4. Bd3 c5 5. dxc5 Nf6 6. Qe2 O-O 7. Ngf3 a5 8. O-O Na6 9. e5 Nd7 10. c4 Naxc5 11. Bc2 dxc4 12. Nxc4 b5 13. Nd6 Nxe5 14. Nxe5 Bxd6 15. Rd1 Qc7 16. Bf4 Bb7 17. Rac1 Bd5 18. Bb1 Rac8 19. Rc3 f5 20. Rh3 Ne4 21. Bxe4 fxe4 22. Qh5 h6 23. g3 Rf5 24. Qg6 Bxe5 25. Rxd5 Rf6 26. Qg4 exd5 27. Bxe5 Qc1+ 28. Kg2 Rxf2+ 0-1

[Event "EWIRCC 2019"]
[Site "Monte-Carlo"]
[Date "2019.12.01"]
[Round "6.11"]
[White "Worek, Joanna"]
[Black "Johansson, Viktoria"]
[Result "1-0"]
[ECO "B32"]
[WhiteElo "2316"]
[BlackElo "2120"]
[Annotator "NA"]
[PlyCount "57"]
[EventDate "2019.11.28"]
[EventType "swiss"]
[EventCountry "MNC"]
[SourceTitle "playchess.com"]
[Source "ChessBase"]
[SourceQuality "1"]
[TimeControl "5400+30"]

1. e4 c5 2. Nf3 Nc6 3. d4 cxd4 4. Nxd4 e5 5. Nb3 Bb4+ 6. Bd2 Bxd2+ 7. Qxd2 d6 8. c4 Nf6 9. Nc3 O-O 10. Rd1 Ne8 11. c5 Bg4 12. Be2 Bxe2 13. Qxe2 Qg5 14. O-O dxc5 15. Nxc5 Nf6 16. Nd5 Nd4 17. Qe3 Qh4 18. Nxf6+ gxf6 19. Nd7 Rfd8 20. g3 Qh3 21. Nxf6+ Kh8 22. Nd5 Rd6 23. f4 Rh6 24. Rf2 f6 25. fxe5 fxe5 26. Rxd4 Rc8 27. Rd1 Kg7 28. Qg5+ Kh8 29. Qxe5+ 1-0

[Event "EWIRCC 2019"]
[Site "Monte-Carlo"]
[Date "2019.12.01"]
[Round "6.14"]
[White "Dornbusch, Tatiana"]
[Black "Gunina, Valentina"]
[Result "0-1"]
[ECO "D37"]
[WhiteElo "2269"]
[BlackElo "2509"]
[Annotator "ChessBase"]
[PlyCount "70"]
[EventDate "2019.11.28"]
[EventType "swiss"]
[EventCountry "MNC"]
[SourceTitle "playchess.com"]
[Source "ChessBase"]
[SourceQuality "1"]
[TimeControl "5400+30"]

1. d4 Nf6 2. Nf3 d5 3. c4 e6 4. Nc3 a6 5. cxd5 exd5 6. Bg5 Be6 7. e3 Nbd7 8. Bd3 h6 9. Bh4 g5 10. Bg3 Nh5 11. Be5 Nhf6 12. O-O g4 13. Bxf6 Qxf6 14. Nd2 O-O-O 15. f4 gxf3 16. Qxf3 Qg5 17. Qf4 Bd6 18. Qxg5 hxg5 19. g3 Rh6 20. Rf2 Rdh8 21. Nf1 Nf6 22. Be2 c6 23. Rc1 Kd7 24. Bf3 Ke7 25. e4 dxe4 26. Bxe4 Ng4 27. Re2 Kf8 28. d5 Bc5+ 29. Kg2 cxd5 30. Nxd5 Ba7 31. Rc7 Nxh2 32. Nxh2 Rxh2+ 33. Kf1 Rh1+ 34. Kg2 R8h2+ 35. Kf3 Rf1+ 0-1

[Event "EWIRCC 2019"]
[Site "Monte-Carlo"]
[Date "2019.12.01"]
[Round "6.16"]
[White "Zaksaite, Salomeja"]
[Black "Socko, Monika"]
[Result "1-0"]
[ECO "B14"]
[WhiteElo "2202"]
[BlackElo "2417"]
[Annotator "NA RC"]
[PlyCount "169"]
[EventDate "2019.11.28"]
[EventType "swiss"]
[EventCountry "MNC"]
[SourceTitle "playchess.com"]
[Source "ChessBase"]
[SourceQuality "1"]
[TimeControl "5400+30"]

1. e4 c6 2. d4 d5 3. exd5 cxd5 4. c4 Nf6 5. Nc3 e6 6. Nf3 Bb4 7. c5 O-O 8. Bd3 Ne4 9. O-O f5 10. Qc2 Nc6 11. a3 Bxc3 12. bxc3 Bd7 13. c4 Be8 14. cxd5 exd5 15. Bb5 f4 16. Bxc6 bxc6 17. Ne5 Ng5 18. f3 Rf6 19. Re1 Bd7 20. Bd2 Nf7 21. Qd3 Bf5 22. Qe2 g5 23. a4 Re6 24. Nxf7 Kxf7 25. Qa6 Qc8 26. Qxc8 Rxc8 27. Rxe6 Kxe6 28. g3 fxg3 29. hxg3 g4 30. Re1+ Kf6 31. fxg4 Bxg4 32. Rb1 Re8 33. Rb7 Re2 34. Bf4 Ra2 35. Rxa7 Kf5 36. Be5 Ke4 37. Rxh7 Ke3 38. Rf7 Bf3 39. g4 Rg2+ 40. Kf1 Ra2 41. Kg1 Bxg4 42. Rf1 Bf3 43. Re1+ Kd3 44. Rb1 Be4 45. a5 Ke3 46. Re1+ Kd3 47. Rb1 Kc3 48. Rb6 Kd3 49. Rxc6 Rxa5 50. Rb6 Ke3 51. Rb3+ Bd3 52. c6 Ra1+ 53. Kg2 Rc1 54. c7 Ke4 55. Rb8 Ba6 56. Ra8 Bb7 57. Rb8 Ba6 58. Rb6 Bc8 59. Rf6 Rc2+ 60. Kg3 Rc3+ 61. Kh4 Rc1 62. Rf4+ Kd3 63. Kg5 Rc6 64. Rf6 Rc2 65. Rf8 Be6 66. Kf6 Bg4 67. Ke7 Rc6 68. Rg8 Bf5 69. Rg5 Bc8 70. Kd8 Ba6 71. Rg7 Kc4 72. Rd7 Bb7 73. Ke7 Kb4 74. Rd8 Ka5 75. Kd7 Kb6 76. c8=Q Bxc8+ 77. Rxc8 Rh6 78. Rb8+ Ka6 79. Bd6 Rh1 80. Kc6 Ka7 81. Rb7+ Ka8 82. Rb5 Rc1+ 83. Bc5 Rd1 84. Ra5+ Kb8 85. Bd6+ 1-0